 Dungeon Crawl Stone Soup version 0.22-a0-422-g9628fc8 (webtiles) character file.

144 Ijustatesigmund the Ruffian (level 5, 0/50 HPs)
             Began as a Troll Berserker on May 17, 2018.
             Was a Believer of Trog.
             Slain by a goblin (4 damage)
             ... led by Robin
             ... on level 3 of the Dungeon.
             The game lasted 00:02:44 (1363 turns).

Ijustatesigmund the Ruffian (Troll Berserker)       Turns: 1363, Time: 00:02:45

Health: 0/50       AC:  5    Str: 25    XL:     5   Next: 5%
Magic:  4/4        EV: 10    Int:  3    God:    Trog [**....]
Gold:   45         SH:  0    Dex: 10    Spells: 4/4 levels left

rFire    . . .     SeeInvis .     - Unarmed
rCold    . . .     Gourm    +   (no shield)
rNeg     . . .     Faith    .   a - +0 animal skin
rPois    .         Spirit   .   (helmet restricted)
rElec    .         Reflect  .   (no cloak)
rCorr    .         Harm     .   (gloves unavailable)
MR       .....                  (boots unavailable)
Stlth    +.........             (no amulet)
HPRegen  0.56/turn              (no ring)
MPRegen  0.09/turn              (no ring)

@: berserk cooldown, slowed, very slow
A: large, unfitting armour, claws 3, fast metabolism 3, gourmand, regeneration
1, shaggy fur 1, tough skin 2
a: Berserk, Trog's Hand, Renounce Religion


You were on level 3 of the Dungeon.
You worshipped Trog.
Trog was pleased with you.
You were very full.

You visited 1 branch of the dungeon, and saw 3 of its levels.

You collected 45 gold pieces.

Inventory:

Missiles
 f - 3 javelins (quivered)
Armour
 a - a +0 animal skin (worn)
Jewellery
 g - an uncursed ring of fire
Scrolls
 i - a scroll of identify {unknown}
 j - a scroll of random uselessness {unknown}
 k - a scroll of noise {unknown}
 l - a scroll of amnesia {unknown}
 o - a scroll of immolation {unknown}
Potions
 c - a potion of curing {unknown}
 d - 3 potions of lignification {unknown}
 e - a potion of heal wounds {unknown}
 h - a potion of mutation {unknown}
 n - a potion of agility {unknown}
Comestibles
 b - 13 rations


   Skills:
 - Level 2.4 Fighting
 + Level 1.9 Throwing
 - Level 2.4 Dodging
 + Level 5.2 Unarmed Combat


You had 4 spell levels left.
You didn't know any spells.
Your spell library was empty.

Dungeon Overview and Level Annotations

Branches:
Dungeon (3/15)

Altars:
Yredelemnul

Annotations:
D:2 1 runed door


Innate Abilities, Weirdness & Mutations

You are too large for most types of armour.
You have claws for hands.
Your metabolism is lightning-fast.
You like to eat raw meat.
Your natural rate of healing is unusually fast.
You are covered in fur. (AC +1)
You have very tough skin. (AC +2)


Message History

* * * LOW HITPOINT WARNING * * *
The goblin hits you with an uncursed club!
* * * LOW HITPOINT WARNING * * *
You claw the goblin!
You kill the goblin!
Trog accepts your kill.
The goblin shoots a stone.
The stone hits you.
* * * LOW HITPOINT WARNING * * *
You are no longer berserk.
You are exhausted.
You feel yourself slow down.
You see here a dagger.
You scratch the goblin.
The goblin is almost dead.
The goblin unwields an uncursed hunting sling.
The goblin barely misses you.
You closely miss the goblin.
The goblin is almost dead.
The goblin closely misses you. The goblin hits you.
You die...

#.###.##.###......#
#.#..........#...######
#.....##.######........
###.####.# #..######
#.# #.######..# #.#
#......(..# #.#
#######)))## #.###
##.†().## ##.#.##
#..@))..#
#....<####..g......#
#........+.........+
#.#...####.........#
#.##.## ##......>.#
#.#### ##.....#..# #.#
##...#♣♣.♣ #># ##+## ≈♣
#.#


You could see a goblin.

Vanquished Creatures
  A bullfrog (D:2)
  Robin (D:3)
  2 adders
  A dart slug (D:1)
  2 giant cockroaches
  12 goblins
  9 hobgoblins
  A quokka (D:1)
  A ball python (D:2)
  7 bats
  5 frilled lizards
  6 kobolds
  7 rats
55 creatures vanquished.

Notes
Turn   | Place    | Note
-------+----------+-------------------------------------------
     0 | D:1      | Ijustatesigmund the Troll Berserker began the quest for the Orb.
     0 | D:1      | Reached XP level 1. HP: 22/22 MP: 0/0
   109 | D:1      | Reached XP level 2. HP: 29/29 MP: 1/1
   342 | D:1      | Reached skill level 4 in Unarmed Combat
   430 | D:1      | Reached ** piety under Trog
   430 | D:1      | Reached XP level 3. HP: 31/36 MP: 2/2
  1101 | D:2      | Noticed a bullfrog
  1108 | D:2      | Killed a bullfrog
  1108 | D:2      | Reached skill level 1 in Throwing
  1108 | D:2      | Reached skill level 5 in Unarmed Combat
  1108 | D:2      | Reached XP level 4. HP: 44/44 MP: 3/3
  1142 | D:2      | Found a runed door.
  1142 | D:2      | Noticed a human
  1145 | D:2      | Found a basalt altar of Yredelemnul.
  1339 | D:3      | Noticed Robin
  1351 | D:3      | Killed Robin
  1351 | D:3      | Reached XP level 5. HP: 20/50 MP: 4/4
  1360 | D:3      | HP: 3/75 [goblin/stone[Robin] (1)]
  1363 | D:3      | Slain by a goblin

Vault maps used:
D:1:      onia_arrival_larder
D:2:      dk_yredelemnul_ordeal
D:3:      first_ration, grunt_decor_arrowhead, serial_bayou_crossing, uniq_ijyb,
          uniq_grinder, uniq_robin

Skill      XL: |  1  2  3 |
---------------+----------+-----
Unarmed Combat | 4 5 |  5.2
Throwing       | 1 |  1.9
Fighting       | |  2.4
Dodging        | |  2.4

Action                   |  1- 3 |  4- 6 || total
-------------------------+-------+-------++-------
Melee: Unarmed           |   101 |    28 ||   129
Invok: Berserk           |       |     1 ||     1
 Stab: Sleeping          |     1 |       ||     1
  Eat: Chunk             |    15 |     2 ||    17
Armor: Animal skin       |    36 |    10 ||    46
Dodge: Dodged            |    51 |    16 ||    67

Table legend:
 A = Spawn XP
 B = Non-spawn XP
 C = Spawn XP percentage of total XP
 D = Spawn monster count
 E = Non-spawn monster count
 F = Spawn count percentage of total count
 G = Total turns spent on level
                    A         B        C        D         E        F      G
               +---------+---------+-------+---------+---------+-------+---------
         Total |       0 |     206 |   0.0 |       0 |      55 |   0.0 |  1363
               +---------+---------+-------+---------+---------+-------+---------
           D:1 |       0 |      46 |   0.0 |       0 |      29 |   0.0 |   562
           D:2 |       0 |     114 |   0.0 |       0 |      14 |   0.0 |   687
           D:3 |       0 |      46 |   0.0 |       0 |      12 |   0.0 |   114
               +---------+---------+-------+---------+---------+-------+---------
